 Dungeon Crawl Stone Soup version 0.20.0-8-g6b59dc7 (webtiles) character file.

153 Hasart the Ducker (level 5, -12/36 HPs)
             Began as an Octopode Fighter on June 2, 2017.
             Mangled by an ogre
             ... wielding a +0 giant club
              (25 damage)
             ... on level 4 of the Dungeon.
             The game lasted 00:04:52 (1786 turns).

Hasart the Ducker (Octopode Fighter)                Turns: 1786, Time: 00:04:53

Health: -12/36     AC:  1    Str: 17    XL:     5   Next: 35%
Magic:  5/5        EV: 10    Int: 10    God:
Gold:   53         SH: 13    Dex: 11    Spells: 4/4 levels left

rFire    . . .     SeeInvis .   a - +0 flail
rCold    . . .     Gourm    .   n - +0 large shield
rNeg     . . .     Faith    .   (helmet restricted)
rPois    .         Spirit   .   (no amulet)
rElec    .         Reflect  .   (no ring)
rCorr    .         Harm     .   (no ring)
MR       .....                  (no ring)
Stlth    +++.......             (no ring)
Regen    0.2/turn               (no ring)
MPRegen  0.1/turn               (no ring)
                                (no ring)
                                (no ring)

@: no status effects
A: almost no armour, stealthy swim, amphibious, 8 rings, constrict 8, camouflage
1, gelatinous body 1
a: no special abilities


You were on level 4 of the Dungeon.
You were not hungry.

You visited 1 branch of the dungeon, and saw 4 of its levels.

You collected 53 gold pieces.

Inventory:

Hand Weapons
 a - a +0 flail (weapon)
 k - a +0 hand axe of chopping
Armour
 n - a +0 large shield (worn)
Scrolls
 b - 4 scrolls of identify {unknown}
 e - a scroll of random uselessness {unknown}
 f - a scroll of blinking {unknown}
 g - 3 scrolls of enchant armour {unknown}
 h - a scroll of immolation {unknown}
 i - a scroll of amnesia {unknown}
 o - 3 scrolls of remove curse {unknown}
 r - a scroll of recharging {unknown}
 s - a scroll of fear {unknown}
Potions
 c - a potion of might
 j - a potion of flight {unknown}
 p - a potion of heal wounds {unknown}
 q - a potion of berserk rage {unknown}
Comestibles
 d - 4 bread rations
 l - a meat ration
 m - a royal jelly


   Skills:
 + Level 3.5 Fighting
 * Level 3.4 Maces & Flails
 + Level 3.8 Dodging
 + Level 2.7 Stealth
 + Level 3.4 Shields


You had 4 spell levels left.
You didn't know any spells.

Dungeon Overview and Level Annotations

Branches:
Dungeon (4/15)
 Temple: D:4-7

Altars:
Uskayaw

Annotations:
D:3 Alarkh's ghost, amateur DsMo


Innate Abilities, Weirdness & Mutations

You cannot wear most types of armour.
You are very stealthy in the water. (Stealth+)
You are amphibious.
You can wear up to eight rings at the same time.
You can use your tentacles to constrict eight enemies at once.
Your skin changes colour to match your surroundings (Stealth+).
Your rubbery body absorbs attacks. (AC +1, EV +1)


Message History

You see here a scroll labeled KAWKOMAUX.
An ogre is nearby!
You aren't carrying any items that you can evoke.
The ogre shouts!
The ogre hits you with a giant club!!
Ouch! That really hurt!
Found a hide-covered altar of Uskayaw.
You closely miss the ogre. You block the ogre's attack.
You closely miss the ogre. Your squeeze misses the ogre.
You block the ogre's attack.
A hound comes into view.
The hound barks!
You hit the ogre. You squeeze the ogre.
The ogre is moderately wounded.
You block the ogre's attack.
You sock the ogre!
The ogre is heavily wounded.
The ogre hits you with a giant club!!
Ouch! That really hurt!
You die...

. .⌠ ...
########....
#..O...h..._
#.@.# #...#
#...#
###...# #
#.....#.###.
#.##........
#. #?##.####
# #.# ...
#<# ###


You could see an ogre and a hound.

Vanquished Creatures
  Jessica (D:2)
  6 adders
  2 oozes
  2 worms (D:2)
  2 dart slugs (D:1)
  A leopard gecko (D:1)
  An orc (D:3)
  2 giant cockroaches
  10 hobgoblins
  2 jackals (D:2)
  8 bats
  4 frilled lizards
  4 goblins
  3 kobolds
  10 rats
58 creatures vanquished.

Notes
Turn   | Place    | Note
-------+----------+-------------------------------------------
     0 | D:1      | Hasart the Octopode Fighter began the quest for the Orb.
     0 | D:1      | Reached XP level 1. HP: 16/16 MP: 1/1
   181 | D:1      | Reached skill level 1 in Stealth
   181 | D:1      | Reached XP level 2. HP: 18/21 MP: 2/2
   423 | D:1      | Reached XP level 3. HP: 26/26 MP: 3/3
   644 | D:2      | Noticed Jessica
   651 | D:2      | Killed Jessica
   678 | D:2      | Reached XP level 4. HP: 31/31 MP: 4/4
   795 | D:2      | Found a faded altar of an unknown god.
  1314 | D:3      | Reached XP level 5. HP: 35/36 MP: 5/5
  1759 | D:3      | Noticed Alarkh's ghost (amateur DsMo)
  1776 | D:4      | Noticed an ogre
  1782 | D:4      | Found a hide-covered altar of Uskayaw.
  1786 | D:4      | Mangled by an ogre

Skill      XL: |  1  2  3  4 |
---------------+-------------+-----
Stealth        | 1 2 |  2.7
Maces & Flails | 3 |  3.4
Fighting       | |  3.5
Dodging        | |  3.8
Shields        | |  3.4

Action                   |  1- 3 |  4- 6 || total
-------------------------+-------+-------++-------
Melee: Flail             |    33 |    72 ||   105
       Constrict         |     8 |    20 ||    28
       Tentacles         |     5 |    17 ||    22
 Stab: Sleeping          |    11 |     4 ||    15
  Eat: Chunk             |       |     3 ||     3
Armor: Skin              |     1 |     4 ||     5
Dodge: Dodged            |     6 |    20 ||    26
Block: Shield            |     6 |     9 ||    15
       Large shield      |       |    46 ||    46
